 Dungeon Crawl Stone Soup version 0.21.1-1-g345015f (webtiles) character file.

184 Fang the Skirmisher (level 5, 0/34 HPs)
             Began as a Gargoyle Berserker on May 4, 2018.
             Was a Believer of Trog.
             Slain by an adder (4 damage)
             ... on level 2 of the Dungeon on May 5, 2018.
             The game lasted 00:06:54 (1894 turns).

Fang the Skirmisher (Gargoyle Berserker)            Turns: 1894, Time: 00:06:54

Health: 0/34       AC:  6    Str: 24    XL:     5   Next: 64%
Magic:  5/5        EV: 12    Int:  8    God:    Trog [**....]
Gold:   84         SH:  0    Dex:  9    Spells: 4/4 levels left

rFire    . . .     SeeInvis .   p - +3 quarterstaff (chaos)
rCold    . . .     Gourm    .   (shield currently unavailable)
rNeg     + . .     Faith    .   b - +0 animal skin
rPois    ∞         Spirit   .   (no helmet)
rElec    +         Reflect  .   (no cloak)
rCorr    .         Harm     +   (no gloves)
MR       .....                  (no boots)
Stlth    +.........             f - amulet of harm
HPRegen  0.11/turn              h - +3 ring of strength
MPRegen  0.09/turn              (no ring)

@: confused, flying, very slightly contaminated, invisible
A: negative energy resistance 1, electricity resistance, unbreathing,
petrification resistance, rot immunity, AC +4
a: Berserk, Trog's Hand, Burn Spellbooks, Renounce Religion


You were on level 2 of the Dungeon.
You worshipped Trog.
Trog was pleased with you.
You were very hungry.

You visited 1 branch of the dungeon, and saw 3 of its levels.

You collected 84 gold pieces.

Inventory:

Hand Weapons
 a - a +0 hand axe
 p - a +3 quarterstaff of chaos (weapon)
Armour
 b - a +0 animal skin (worn)
Jewellery
 f - an amulet of harm (around neck)
 h - a +3 ring of strength (left hand)
 l - a cursed -3 ring of evasion {unknown}
Scrolls
 d - a scroll of enchant armour {unknown}
 e - 3 scrolls of amnesia {unknown}
 j - a scroll of fog {unknown}
 m - a scroll of identify {unknown}
 n - a scroll of remove curse {unknown}
Potions
 g - a potion of lignification {unknown}
 i - a potion of agility {unknown}
 k - a potion of flight
 o - a potion of invisibility
Comestibles
 c - 2 rations


   Skills:
 + Level 4.7 Fighting
 + Level 4.2 Axes
 + Level 2.3 Armour
 + Level 2.3 Dodging
 + Level 0.3 Stealth


You had 4 spell levels left.
You didn't know any spells.

Dungeon Overview and Level Annotations

Branches:
Dungeon (3/15)

Altars:

Annotations:
D:2 Ijyb


Innate Abilities, Weirdness & Mutations

You are resistant to torment.
Your stone body is resilient. (AC +4)
You are immune to poison.
You resist negative energy. (rN+)
You are resistant to electric shocks. (rElec)
You can survive without breathing.
You are immune to petrification.
You are immune to rotting.


Message History

The adder bites you but does no damage.
Ijyb zaps a wand.
Your will is overpowered!
You are more confused.
The goblin barely misses you.
It was a potion of invisibility.
You fade into invisibility!
The adder misses you. Ijyb closely misses you.
You are very lightly contaminated with residual magic.
Okay, then.
Unknown command.
The adder bites you.
* * * LOW HITPOINT WARNING * * *
The adder closely misses you. The goblin completely misses you.
You closely miss the goblin. The adder barely misses you.
The goblin barely misses you.
You're too confused to move!
The adder bites you.
* * * LOW HITPOINT WARNING * * *
Ijyb zaps a wand.
Your will is overpowered!
You are more confused.
The goblin closely misses you. The adder bites you.
You die...

#####################...#....
#...........#####.
#..<..............
#............####.
#)..........#####.
####.................
#............#.###..#
#.##.S.......#<##....
#..#@>.......#.......
##.#gg....[..#.#....(
###.######..#.........
#.......##.##.......#.
#...............#.....
#.....................
#.......#..####.<#..÷.
#.......#### #....#..
#.......# #....###


You could see Ijyb, an adder and a goblin.

Vanquished Creatures
  An orc wizard (D:2)
  Crazy Yiuf (D:2)
  Terence (D:2)
  3 adders
  A worm (D:2)
  5 leopard geckos
  7 orcs
  2 giant cockroaches (D:2)
  4 goblins
  8 hobgoblins
  4 jackals (D:1)
  6 kobolds
  A quokka (D:2)
  8 bats
  4 frilled lizards
  7 rats
63 creatures vanquished.

Notes
Turn   | Place    | Note
-------+----------+-------------------------------------------
     0 | D:1      | Fang the Gargoyle Berserker began the quest for the Orb.
     0 | D:1      | Reached XP level 1. HP: 14/14 MP: 1/1
   190 | D:1      | Reached XP level 2. HP: 13/19 MP: 2/2
   705 | D:1      | Reached ** piety under Trog
   719 | D:1      | Reached XP level 3. HP: 18/24 MP: 3/3
   936 | D:2      | Reached XP level 4. HP: 21/30 MP: 4/4
  1426 | D:2      | Noticed Terence
  1435 | D:2      | Killed Terence
  1435 | D:2      | Reached XP level 5. HP: 34/34 MP: 5/5
  1617 | D:2      | Found a faded altar of an unknown god.
  1677 | D:2      | Found a runed door.
  1749 | D:2      | Noticed Crazy Yiuf
  1755 | D:2      | Killed Crazy Yiuf
  1864 | D:3      | Noticed Ijyb
  1894 | D:2      | Slain by an adder

Skill      XL: |  1  2  3  4  5 |
---------------+----------------+-----
Axes           | 3 4 |  4.2
Dodging        | 2 |  2.3
Fighting       | 4 |  4.7
Armour         | |  2.3
Stealth        | |  0.3

Action                   |  1- 3 |  4- 6 || total
-------------------------+-------+-------++-------
Melee: Hand axe          |   123 |    87 ||   210
       Quarterstaff      |       |    17 ||    17
Invok: Berserk           |     1 |     3 ||     4
  Use: Potion            |       |     2 ||     2
  Eat: Chunk             |       |     6 ||     6
Armor: Animal skin       |    53 |    48 ||   101
Dodge: Dodged            |    96 |   110 ||   206
